TOP OF THE 1ST |
Sacramento River Cats batting - Pitching for Albuquerque Isotopes : RHP Brett Rosinsky
|
Pitching: RHP Brett Rosinsky
|
|
Batting: LHB Cesar Arteaga
|
0-0: Called Strike 0-1: Ball 1-1: Foul Ball, location: 2F 1-2: Ball 2-2: Ground out 4-3 (Groundball, 4, EV 108.1 MPH)
|
Batting: LHB Kevin Kantor
|
0-0: Called Strike 0-1: Called Strike 0-2: Ball 1-2: Ball 2-2: Foul Ball, location: 2F 2-2: Ground out 6-3 (Groundball, 6M, EV 86.2 MPH)
|
Batting: LHB Carey Horncole
|
0-0: Ball 1-0: Foul Ball, location: 2F 1-1: Ball 2-1: Ball 3-1: Foul Ball, location: 2F 3-2: Base on Balls
|
Batting: LHB David Ramirez
|
0-0: Ball 1-0: Ball 2-0: Foul Ball, location: 2F 2-1: Called Strike 2-2: Ball 3-2: Foul Ball, location: 2F 3-2: Base on Balls Carey Horncole to second
|
Batting: LHB Nick Swank
|
0-0: Called Strike 0-1: Swinging Strike 0-2: Ball 1-2: Foul Ball, location: 2F 1-2: 3-RUN HOME RUN (Flyball, 78XD, EV 105.6 MPH), Distance : 414 ft
|
Batting: RHB Hugo Zacarias
|
0-0: Called Strike 0-1: Swinging Strike 0-2: Ball 1-2: Strikes out swinging
|
Top of the 1st over - 3 runs, 1 hit, 0 errors, 0 left on base; Sacramento 3 - Albuquerque 0 |
BOTTOM OF THE 1ST |
Albuquerque Isotopes batting - Pitching for Sacramento River Cats : LHP Chris Morales
|
Pitching: LHP Chris Morales
|
|
Batting: RHB Ron Johansen
|
0-0: TRIPLE (Flyball, 89XD, EV 95.0 MPH)
|
Batting: RHB Jason Gee
|
0-0: SINGLE (Groundball, 6M, EV 98.8 MPH) (infield hit) Ron Johansen scores
|
Batting: RHB Mike Ball
|
0-0: Ball 1-0: SINGLE (Line Drive, 8LS, EV 87.5 MPH) Jason Gee to second Runner from 2nd tries for 3rd, SAFE, throw by CF made to third
|
Batting: RHB Eddie McCoy
|
0-0: Called Strike 0-1: Ball 1-1: Fly out, F8 (Line Drive, 8LM, EV 99.4 MPH) Runner from 3rd tags up, SCORES, no throw by CF
|
Batting: RHB Ryan Taylor
|
0-0: Called Strike 0-1: Foul Ball, location: 2F 0-2: Ball 1-2: Ball 2-2: Foul Ball, location: 2F 2-2: Foul Ball, location: 2F 2-2: Strikes out looking
|
Batting: RHB Bobby Heagle
|
0-0: Ball 1-0: Ball 2-0: Foul Ball, location: 2F 2-1: Ball 3-1: SINGLE (Groundball, 34D, EV 95.6 MPH) Mike Ball to second Runner from 2nd tries for 3rd, SAFE, throw by RF made to third Bobby Heagle to second
|
Batting: LHB Alan Bianchard
|
0-0: Ball 1-0: Swinging Strike 1-1: Swinging Strike 1-2: Foul Ball, location: 2F 1-2: Strikes out swinging
|
Bottom of the 1st over - 2 runs, 4 hits, 0 errors, 2 left on base; Sacramento 3 - Albuquerque 2 |
TOP OF THE 2ND |
Sacramento River Cats batting - Pitching for Albuquerque Isotopes : RHP Brett Rosinsky
|
Batting: RHB Martin Guerrero
|
0-0: Swinging Strike 0-1: Swinging Strike 0-2: Foul Ball, location: 2F 0-2: Foul Ball, location: 2F 0-2: Ball 1-2: Ball 2-2: Ground out 6-3 (Groundball, 6, EV 92.5 MPH)
|
Batting: RHB Yutaka Oki
|
0-0: Fly out, F9 (Flyball, 9LM, EV 86.9 MPH)
|
Batting: RHB Jack Toole
|
0-0: Foul Ball, location: 2F 0-1: Swinging Strike 0-2: Ground out 6-3 (Groundball, 6M, EV 83.8 MPH)
|
Top of the 2nd over - 0 runs, 0 hits, 0 errors, 0 left on base; Sacramento 3 - Albuquerque 2 |
BOTTOM OF THE 2ND |
Albuquerque Isotopes batting - Pitching for Sacramento River Cats : LHP Chris Morales
|
Batting: RHB Nate Carrell
|
0-0: Foul Ball, location: 2F 0-1: Called Strike 0-2: Ground out 5-3 (Groundball, 5, EV 90.0 MPH)
|
Batting: RHB Joe Hinson
|
0-0: Ball 1-0: Called Strike 1-1: Ball 2-1: Swinging Strike 2-2: Ball 3-2: Strikes out swinging
|
Batting: RHB Ron Johansen
|
0-0: Ball 1-0: Ground out 6-3 (Groundball, 6, EV 99.4 MPH)
|
Bottom of the 2nd over - 0 runs, 0 hits, 0 errors, 0 left on base; Sacramento 3 - Albuquerque 2 |
TOP OF THE 3RD |
Sacramento River Cats batting - Pitching for Albuquerque Isotopes : RHP Brett Rosinsky
|
Batting: LHB Cesar Arteaga
|
0-0: Ball 1-0: Foul Ball, location: 2F 1-1: Foul Ball, location: 2F 1-2: Foul Ball, location: 2F 1-2: Ground out 4-3 (Groundball, 4, EV 86.2 MPH)
|
Batting: LHB Kevin Kantor
|
0-0: Fly out, F9 (Line Drive, 9, EV 103.8 MPH)
|
Batting: LHB Carey Horncole
|
0-0: Called Strike 0-1: Ball 1-1: Ball 2-1: Ball 3-1: SINGLE (Groundball, 4MD, EV 101.9 MPH)
|
Batting: LHB David Ramirez
|
0-0: Ball Carey Horncole is caught stealing 2nd base 2-6
|
Top of the 3rd over - 0 runs, 1 hit, 0 errors, 0 left on base; Sacramento 3 - Albuquerque 2 |
BOTTOM OF THE 3RD |
Albuquerque Isotopes batting - Pitching for Sacramento River Cats : LHP Chris Morales
|
Batting: RHB Jason Gee
|
0-0: Called Strike 0-1: Ball 1-1: Foul Ball, location: 2F 1-2: Strikes out swinging
|
Batting: RHB Mike Ball
|
0-0: Ball 1-0: Ball 2-0: Called Strike 2-1: Ball 3-1: Base on Balls
|
Batting: RHB Eddie McCoy
|
0-0: Called Strike 0-1: Swinging Strike 0-2: Ball 1-2: Ball 2-2: Foul Ball, location: 2F 2-2: Strikes out swinging
|
Batting: RHB Ryan Taylor
|
0-0: Ball Mike Ball steals 2nd base 1-0: Ground out 6-3 (Groundball, 6MS, EV 90.0 MPH)
|
Bottom of the 3rd over - 0 runs, 0 hits, 0 errors, 1 left on base; Sacramento 3 - Albuquerque 2 |
TOP OF THE 4TH |
Sacramento River Cats batting - Pitching for Albuquerque Isotopes : RHP Brett Rosinsky
|
Batting: LHB David Ramirez
|
0-0: Ball 1-0: Ball 2-0: Foul Ball, location: 2F 2-1: Called Strike 2-2: Ball 3-2: DOUBLE (Flyball, 89D, EV 100.6 MPH)
|
Batting: LHB Nick Swank
|
0-0: Called Strike 0-1: Foul Ball, location: 2F 0-2: Foul Ball, location: 2F 0-2: Foul Ball, location: 2F 0-2: Strikes out swinging
|
Batting: RHB Hugo Zacarias
|
0-0: Ball 1-0: Called Strike 1-1: Ball 2-1: Called Strike 2-2: Foul Ball, location: 2F 2-2: Foul Ball, location: 2F 2-2: Foul Ball, location: 2F 2-2: Foul Ball, location: 2F 2-2: SINGLE (Line Drive, 8RS, EV 93.8 MPH) David Ramirez to third Runner from 3rd tries for Home, throw by CF and OUT! 8-2
|
Batting: RHB Martin Guerrero
|
0-0: Ball 1-0: Foul Ball, location: 2F 1-1: Ball 2-1: Ball 3-1: Foul Ball, location: 2F 3-2: Foul Ball, location: 2F 3-2: Base on Balls Hugo Zacarias to second
|
Batting: RHB Yutaka Oki
|
0-0: Ball Wild Pitch! Hugo Zacarias to third Martin Guerrero to second 1-0: Ground out 1-3 (Groundball, 13S, EV 66.2 MPH)
|
Top of the 4th over - 0 runs, 2 hits, 0 errors, 2 left on base; Sacramento 3 - Albuquerque 2 |
BOTTOM OF THE 4TH |
Albuquerque Isotopes batting - Pitching for Sacramento River Cats : LHP Chris Morales
|
Batting: RHB Bobby Heagle
|
0-0: Ball 1-0: Called Strike 1-1: Ground out 3-1 (Groundball, 34, EV 86.2 MPH)
|
Batting: LHB Alan Bianchard
|
0-0: Swinging Strike 0-1: Swinging Strike 0-2: Foul Ball, location: 2F 0-2: Ball 1-2: Fly out, F3 (Line Drive, 3, EV 68.1 MPH)
|
Batting: RHB Nate Carrell
|
0-0: Called Strike 0-1: Ground out 4-3 (Groundball, 4S, EV 84.4 MPH)
|
Bottom of the 4th over - 0 runs, 0 hits, 0 errors, 0 left on base; Sacramento 3 - Albuquerque 2 |
TOP OF THE 5TH |
Sacramento River Cats batting - Pitching for Albuquerque Isotopes : RHP Brett Rosinsky
|
Batting: RHB Jack Toole
|
0-0: Foul Ball, location: 2F 0-1: Reached on error, E6 (Groundball, 56, EV 103.1 MPH)
|
Batting: LHB Cesar Arteaga
|
0-0: Called Strike 0-1: Ball 1-1: Ball 2-1: Called Strike 2-2: Ball 3-2: Fielders Choice at 2nd, 6-4 (Groundball, 6, EV 82.5 MPH)
|
Batting: LHB Kevin Kantor
|
0-0: Ball Cesar Arteaga steals 2nd, throwing error, E2 Cesar Arteaga to third 1-0: Called Strike 1-1: Swinging Strike 1-2: Ball 2-2: Ball 3-2: Foul Ball, location: 2F 3-2: Strikes out swinging
|
Pitching: LHP Dario Rios
|
|
Batting: LHB Carey Horncole
|
0-0: Called Strike 0-1: Ball 1-1: Ground out U3 (Groundball, 34S, EV 71.9 MPH)
|
Top of the 5th over - 0 runs, 0 hits, 2 errors, 1 left on base; Sacramento 3 - Albuquerque 2 |
BOTTOM OF THE 5TH |
Albuquerque Isotopes batting - Pitching for Sacramento River Cats : LHP Chris Morales
|
Batting: RHB Joe Hinson
|
0-0: Ground out 6-3 (Groundball, 56D, EV 106.9 MPH)
|
Batting: RHB Ron Johansen
|
0-0: Foul Ball, location: 2F 0-1: Swinging Strike 0-2: Ball 1-2: Ball 2-2: Ball 3-2: DOUBLE (Line Drive, 9LM, EV 107.5 MPH)
|
Batting: RHB Jason Gee
|
0-0: Ball 1-0: Ground out 6-3 (Groundball, 6, EV 77.5 MPH) Ron Johansen to third
|
Batting: RHB Mike Ball
|
0-0: Called Strike 0-1: Ball 1-1: Ball 2-1: Ball 3-1: Base on Balls
|
Batting: RHB Eddie McCoy
|
0-0: Ball 1-0: Ball 2-0: Swinging Strike 2-1: Foul Ball, location: 2F 2-2: Strikes out swinging
|
Bottom of the 5th over - 0 runs, 1 hit, 0 errors, 2 left on base; Sacramento 3 - Albuquerque 2 |
TOP OF THE 6TH |
Sacramento River Cats batting - Pitching for Albuquerque Isotopes : LHP Dario Rios
|
Batting: LHB David Ramirez
|
0-0: Ball 1-0: Foul Ball, location: 2F 1-1: Ball 2-1: Called Strike 2-2: Strikes out looking
|
Batting: LHB Nick Swank
|
0-0: Ball 1-0: Ball 2-0: Ground out 4-3 (Groundball, 4M, EV 80.6 MPH)
|
Batting: RHB Hugo Zacarias
|
0-0: Ball 1-0: Ground out 5-3 (Groundball, 56S, EV 66.9 MPH)
|
Top of the 6th over - 0 runs, 0 hits, 0 errors, 0 left on base; Sacramento 3 - Albuquerque 2 |
BOTTOM OF THE 6TH |
Albuquerque Isotopes batting - Pitching for Sacramento River Cats : LHP Chris Morales
|
Batting: RHB Ryan Taylor
|
0-0: Ball 1-0: Foul Ball, location: 2F 1-1: Ball 2-1: Called Strike 2-2: Ground out 5-3 (Groundball, 5S, EV 91.2 MPH)
|
Batting: RHB Bobby Heagle
|
0-0: Ball 1-0: Foul Ball, location: 2F 1-1: Ball 2-1: Ball 3-1: SINGLE (Flyball, 78S, EV 90.6 MPH)
|
Batting: LHB Alan Bianchard
|
0-0: Ball 1-0: Swinging Strike 1-1: Called Strike Bobby Heagle steals 2nd base 1-2: Strikes out looking
|
Batting: RHB Nate Carrell
|
0-0: Ball 1-0: Called Strike 1-1: Swinging Strike 1-2: Foul Ball, location: 2F 1-2: SINGLE (Line Drive, 7LS, EV 113.1 MPH) Bobby Heagle to third Runner from 3rd tries for Home, SAFE, throw by LF to home
|
Batting: RHB Joe Hinson
|
0-0: Called Strike 0-1: Ball 1-1: Swinging Strike 1-2: Ball 2-2: Strikes out looking
|
Bottom of the 6th over - 1 run, 2 hits, 0 errors, 1 left on base; Sacramento 3 - Albuquerque 3 |
TOP OF THE 7TH |
Sacramento River Cats batting - Pitching for Albuquerque Isotopes : LHP Dario Rios
|
Pitching: RHP Justin Gasper
|
|
Batting: RHB Martin Guerrero
|
0-0: Ball 1-0: Ball 2-0: Foul Ball, location: 2F 2-1: Ball 3-1: Base on Balls
|
Batting: RHB Yutaka Oki
|
0-0: Ball 1-0: Foul Ball, location: 2F 1-1: Fly out, F7 (Flyball, 7LS, EV 76.2 MPH)
|
Pinch Hitting: LHB Terry Ebersole
|
0-0: Called Strike 0-1: Swinging Strike Martin Guerrero steals 2nd base 0-2: Foul Ball, location: 2F 0-2: Foul Ball, location: 2F 0-2: Ball 1-2: Fly out, F9 (Flyball, 9LM, EV 94.4 MPH)
|
Batting: LHB Cesar Arteaga
|
0-0: Swinging Strike 0-1: Ball 1-1: Fly out, F8 (Flyball, 89M, EV 92.5 MPH)
|
Top of the 7th over - 0 runs, 0 hits, 0 errors, 1 left on base; Sacramento 3 - Albuquerque 3 |
BOTTOM OF THE 7TH |
Albuquerque Isotopes batting - Pitching for Sacramento River Cats : LHP Chris Morales
|
Pitching: RHP Pat Richardson
|
|
Now at 3B: Tyler Mapes
|
|
Batting: RHB Ron Johansen
|
0-0: Called Strike 0-1: Swinging Strike 0-2: Strikes out swinging
|
Batting: RHB Jason Gee
|
0-0: Ball 1-0: Ball 2-0: Ball 3-0: Foul Ball, location: 2F 3-1: Foul Ball, location: 2F 3-2: Fly out, F9 (Flyball, 9S, EV 70.6 MPH)
|
Batting: RHB Mike Ball
|
0-0: Ball 1-0: Ball 2-0: Ball 3-0: Swinging Strike 3-1: Fly out, F7 (Flyball, 7D, EV 107.5 MPH)
|
Bottom of the 7th over - 0 runs, 0 hits, 0 errors, 0 left on base; Sacramento 3 - Albuquerque 3 |
TOP OF THE 8TH |
Sacramento River Cats batting - Pitching for Albuquerque Isotopes : RHP Justin Gasper
|
Pitching: LHP Jorge Segarra
|
|
Batting: LHB Kevin Kantor
|
0-0: Ball 1-0: Ground out U3 (Groundball, 3, EV 91.9 MPH)
|
Batting: LHB Carey Horncole
|
0-0: Foul Ball, location: 2F 0-1: Foul Ball, location: 2F 0-2: Ball 1-2: Ball 2-2: DOUBLE (Flyball, 89D, EV 90.0 MPH)
|
Batting: LHB David Ramirez
|
0-0: Called Strike 0-1: Ball 1-1: Ball 2-1: Foul Ball, location: 2F 2-2: Ball 3-2: Base on Balls
|
Batting: LHB Nick Swank
|
0-0: Called Strike 0-1: TRIPLE (Flyball, 8LXD, EV 88.8 MPH) Carey Horncole scores David Ramirez scores
|
Pitching: LHP Tyler Adams
|
|
Batting: RHB Hugo Zacarias
|
0-0: Called Strike 0-1: Foul Ball, location: 2F 0-2: Strikes out swinging
|
Batting: RHB Martin Guerrero
|
0-0: Ball 1-0: Foul Ball, location: 2F 1-1: Foul Ball, location: 2F 1-2: Strikes out swinging
|
Top of the 8th over - 2 runs, 2 hits, 0 errors, 1 left on base; Sacramento 5 - Albuquerque 3 |
BOTTOM OF THE 8TH |
Albuquerque Isotopes batting - Pitching for Sacramento River Cats : RHP Pat Richardson
|
Batting: RHB Eddie McCoy
|
0-0: Ball 1-0: Ball 2-0: Swinging Strike 2-1: Foul Ball, location: 2F 2-2: Strikes out swinging
|
Pinch Hitting: LHB Tetsuya Oba
|
0-0: Ball 1-0: Foul Ball, location: 2F 1-1: Ball 2-1: Ground out 6-3 (Groundball, 56, EV 105.6 MPH)
|
Batting: RHB Bobby Heagle
|
0-0: Called Strike 0-1: Ground out 6-3 (Groundball, 6, EV 81.9 MPH)
|
Bottom of the 8th over - 0 runs, 0 hits, 0 errors, 0 left on base; Sacramento 5 - Albuquerque 3 |
TOP OF THE 9TH |
Sacramento River Cats batting - Pitching for Albuquerque Isotopes : LHP Tyler Adams
|
Now in CF: Tetsuya Oba
|
|
Batting: RHB Yutaka Oki
|
0-0: Ball 1-0: Ground out 6-3 (Groundball, 6M, EV 82.5 MPH)
|
Batting: RHB Tyler Mapes
|
0-0: Foul Ball, location: 2F 0-1: SINGLE (Groundball, 6MS, EV 71.2 MPH) (infield hit)
|
Batting: LHB Cesar Arteaga
|
0-0: Called Strike 0-1: Ball 1-1: Called Strike Tyler Mapes steals 2nd base 1-2: Foul Ball, location: 2F 1-2: Foul Ball, location: 2F 1-2: Foul Ball, location: 2F 1-2: Strikes out swinging
|
Batting: LHB Kevin Kantor
|
0-0: Ball 1-0: Ball 2-0: Foul Ball, location: 2F 2-1: Foul Ball, location: 2F 2-2: Ball 3-2: Base on Balls
|
Batting: LHB Carey Horncole
|
0-0: Foul Ball, location: 2F 0-1: Ground out 4-3 (Groundball, 4, EV 85.0 MPH)
|
Top of the 9th over - 0 runs, 1 hit, 0 errors, 2 left on base; Sacramento 5 - Albuquerque 3 |
BOTTOM OF THE 9TH |
Albuquerque Isotopes batting - Pitching for Sacramento River Cats : RHP Pat Richardson
|
Pitching: LHP Adam Ody
|
|
Pinch Hitting: RHB Jerry Castro
|
0-0: Called Strike 0-1: Swinging Strike 0-2: Strikes out looking
|
Batting: RHB Nate Carrell
|
0-0: Foul Ball, location: 2F 0-1: Called Strike 0-2: Ball 1-2: Ball 2-2: Strikes out swinging
|
Batting: RHB Joe Hinson
|
0-0: Ball 1-0: Foul Ball, location: 2F 1-1: Ball 2-1: Foul Ball, location: 2F 2-2: Ground out 6-3 (Groundball, 6S, EV 73.1 MPH)
|
Bottom of the 9th over - 0 runs, 0 hits, 0 errors, 0 left on base; Sacramento 5 - Albuquerque 3 |
|